 Dungeon Crawl Stone Soup version 0.23-a0-677-g07611c5723 (webtiles) character file.

1520 Mazzaar the Digger (level 8, -3/44 HPs)
             Began as a Gargoyle Earth Elementalist on Jan 10, 2019.
             Slain by an orc warrior
             ... wielding a +0 dire flail of draining
              (12 damage)
             ... on level 6 of the Dungeon.
             The game lasted 00:15:55 (5149 turns).

Mazzaar the Digger (Gargoyle Earth Elementalist)    Turns: 5149, Time: 00:15:55

Health: -3/44      AC: 10    Str: 12      XL:     8   Next: 84%
Magic:  3/16       EV: 12    Int: 18      God:
Gold:   205        SH:  0    Dex:  9 (10) Spells: 9/18 levels left

rFire    + . .     SeeInvis .   l - +4 short sword (drain)
rCold    . . .     Gourm    .   (no shield)
rNeg     + . .     Faith    .   c - +1 robe
rPois    ∞         Spirit   .   (no helmet)
rElec    +         Reflect  .   (no cloak)
rCorr    .         Harm     .   t - +1 pair of gloves
MR       +....                  (no boots)
Stlth    ++........             (no amulet)
HPRegen  0.14/turn              B - ring of protection from magic (curse)
MPRegen  0.15/turn              x - ring of protection from fire

@: very slightly contaminated
A: negative energy resistance 1, electricity resistance, unbreathing,
petrification resistance, rot immunity, AC +5
a: no special abilities


You were on level 6 of the Dungeon.
You were not hungry.

You visited 1 branch of the dungeon, and saw 6 of its levels.
You also visited: Sewer.

You collected 205 gold pieces.

Inventory:

Hand Weapons
 e - a +0 mace
 l - a +4 short sword of draining (weapon)
 m - a +0 flail
Missiles
 b - 69 stones (quivered)
 f - a throwing net
Armour
 c - a +1 robe (worn)
 t - a +1 pair of gloves (worn)
Jewellery
 r - an uncursed ring of fire
 v - an uncursed ring of stealth
 x - a ring of protection from fire (right hand)
 B - a cursed ring of protection from magic (left hand)
Wands
 C - a wand of polymorph (4)
Scrolls
 a - 3 scrolls of fear
 j - 2 scrolls of fog
 o - 2 scrolls of teleportation
 y - a scroll of remove curse
Potions
 g - 2 potions of might
 h - 2 potions of flight
 i - a potion of brilliance {unknown}
 k - a potion of ambrosia {unknown}
 n - 2 potions of curing
 p - a potion of heal wounds
 q - 2 potions of haste
 s - a potion of lignification {unknown}
 u - 2 potions of resistance {unknown}
 w - a potion of degeneration {unknown}
 z - a potion of mutation {unknown}
Comestibles
 d - 9 rations
 A - 13 chunks of flesh


   Skills:
 + Level 2.2 Fighting
 + Level 2.0 Maces & Flails
 + Level 2.1 Armour
 + Level 2.4 Dodging
 - Level 2.1 Stealth
 + Level 5.5 Spellcasting
 + Level 5.5 Conjurations
   Level 0.7 Transmutations
 + Level 7.7 Earth Magic


You had 9 spell levels left.
You knew the following spells:

 Your Spells              Type           Power        Failure   Level  Hunger
a - Sandblast             Erth           ####..       1%          1    None
b - Stone Arrow           Conj/Erth      ####..       2%          3    ##.....
c - Lee's Rapid Deconstr  Erth           ####......   14%         5    #####..

Your spell library contained the following spells:

 Spells                   Type           Power        Failure   Level  Hunger
 Magic Dart               Conj           ####         1%          1    None
 Passwall                 Tmut/Erth      ###.....     3%          2    None
 Conjure Flame            Conj/Fire      ##......     12%         3    ##.....
 Dazzling Spray           Conj/Hex       ##....       12%         3    ##.....
 Corona                   Hex            #......      13%         1    None
 Summon Small Mammal      Summ           #...         13%         1    None
 Blink                    Tloc           N/A          19%         2    None
 Call Imp                 Summ           #.......     19%         2    None
 Ensorcelled Hibernation  Hex/Ice        #.....       19%         2    None
 Slow                     Hex            #.......     19%         2    None
 Mephitic Cloud           Conj/Pois/Air  ##......     19%         3    ##.....
 Petrify                  Tmut/Erth      ###.....     22%         4    ####...
 Call Canine Familiar     Summ           #.......     36%         3    ##.....
 Confuse                  Hex            #.......     36%         3    ##.....
 Summon Guardian Golem    Hex/Summ       #.......     36%         3    ##.....
 Tukima's Dance           Hex            #.......     36%         3    ##.....
 Summon Ice Beast         Ice/Summ       #.......     77%         4    ####...
 Summon Lightning Spire   Summ/Air       #.......     77%         4    ####...


Dungeon Overview and Level Annotations

Branches:
Dungeon (6/15)
 Temple: D:4-7

Altars:
Fedhas
Ru


Innate Abilities, Weirdness & Mutations

You are resistant to torment.
Your stone body is resilient. (AC +5)
You are immune to poison.
You resist negative energy. (rN+)
You are resistant to electric shocks. (rElec)
You can survive without breathing.
You are immune to petrification.
You are immune to rotting.


Message History

The blast of sand hits the orc warrior.
The orc warrior is severely wounded.
b - 70 stones Something barely misses you.
The orc misses you.
The orc warrior hits you with a +0 dire flail of draining.
* * * LOW HITPOINT WARNING * * *
Something hits you but does no damage.
Unknown command.
Unknown command.
Casting: Sandblast (safe; 1% risk of failure)
Confirm with . or Enter, or press ? or * to list all spells.
Aiming: Sandblast (safe; 1% risk of failure)
Press: ? - help, Shift-Dir - straight line, f/p - orc warrior
Aim: an orc warrior, wielding a +0 dire flail of draining and wearing a +0 The blast of sand hits the orc warrior.
The orc warrior is almost dead.
b - 69 stones The orc closely misses you.
The orc warrior hits you with a +0 dire flail of draining!
You die...

#...... ##...# #....##
#....# #...###...#
######....#....###
................#.#
..................##.
.....................
#....................
#........@{.###.....
..#........oo.###.....
......................
....#................
..###.....#..........
##................. #.
#........#.....$...
##..
##.................
##...
#......#...........


You could see an orc warrior and an orc.

Vanquished Creatures
  The ghost of EnegeticOcto the Cudgeler, a novice KoBe of Trog (D:4)
  Sigmund (D:5)
  Menkaure (D:4)
  3 ogres
  A centaur (D:5)
  A bullfrog (D:6)
  A scorpion (D:5)
  A crimson imp (D:6)
  A quasit (D:6)
  A hound (D:5)
  A bullfrog zombie (D:5)
  2 centaur skeletons (D:4)
  2 jellies
  An iguana (D:4)
  A worker ant (D:6)
  A hound skeleton (D:6)
  3 gnolls (D:3)
  6 adders
  5 river rats (Sewer)
  A shadow imp (D:5)
  An adder zombie (D:4)
  A worm (D:2)
  2 dart slugs (D:1)
  7 leopard geckos
  7 orcs
  3 ball pythons
  7 giant cockroaches
  5 goblins
  8 hobgoblins
  8 jackals
  3 quokkas
  10 bats
  13 frilled lizards
  6 kobolds
  A leopard gecko skeleton (D:4)
  18 rats
135 creatures vanquished.

Notes
Turn   | Place    | Note
-------+----------+-------------------------------------------
     0 | D:1      | Mazzaar the Gargoyle Earth Elementalist began the quest for
                  | the Orb.
     0 | D:1      | Reached XP level 1. HP: 10/10 MP: 3/3
   336 | D:1      | Reached XP level 2. HP: 15/15 MP: 3/5
   362 | D:1      | Reached skill level 4 in Earth Magic
   517 | D:1      | Reached XP level 3. HP: 19/19 MP: 3/6
   522 | D:1      | Learned a level 3 spell: Stone Arrow
  1017 | D:2      | Reached skill level 1 in Conjurations
  1017 | D:2      | Reached XP level 4. HP: 21/24 MP: 8/8
  1442 | D:3      | Found a glowing drain.
  1454 | D:3      | Reached skill level 5 in Earth Magic
  1455 | D:3      | Reached XP level 5. HP: 24/28 MP: 5/9
  1471 | Sewer    | Entered a sewer
  2211 | D:3      | Learned a level 5 spell: Lee's Rapid Deconstruction
  3005 | D:4      | Reached XP level 6. HP: 32/32 MP: 11/11
  3079 | D:4      | Noticed Menkaure
  3082 | D:4      | Killed Menkaure
  3082 | D:4      | Reached skill level 6 in Earth Magic
  3103 | D:4      | Reached XP level 7. HP: 19/36 MP: 0/13
  3258 | D:4      | Found a runed door.
  3337 | D:4      | Noticed EnegeticOcto's ghost (novice KoBe)
  3610 | D:4      | Found a sacrificial altar of Ru.
  3879 | D:4      | Killed EnegeticOcto's ghost
  3879 | D:4      | Reached skill level 5 in Spellcasting
  3879 | D:4      | Reached skill level 5 in Conjurations
  3879 | D:4      | Reached skill level 7 in Earth Magic
  3879 | D:4      | Reached XP level 8. HP: 4/41 MP: 0/15
  4230 | D:5      | Entered Level 5 of the Dungeon
  4257 | D:5      | Noticed Sigmund
  4300 | D:5      | Killed Sigmund
  4399 | D:5      | Reached skill level 1 in Fighting
  4399 | D:5      | Reached skill level 1 in Maces & Flails
  4399 | D:5      | Reached skill level 1 in Armour
  4707 | D:5      | Found a blossoming altar of Fedhas.
  5149 | D:6      | Slain by an orc warrior

Vault maps used:
D:1:      saegor_arrival_simple_c
D:3:      serial_glass, glass_columns_a, glass_columns_a, first_ration,
          portal_sewer_entry_f, minmay_parallelograms
D:4:      nicolae_ru_great_annihilating_truth, ebering_ghost_reflecting_pool,
          uniq_menkaure
D:5:      st_stairs_1, fedhas_bush_and_centaur_altar, uniq_sigmund
Sewer:    sewer_co_cracked_pipes

Skill      XL: |  1  2  3  4  5  6  7  8 |
---------------+-------------------------+-----
Earth Magic    | 4 5 6 7 |  7.7
Conjurations   | 1 2 3 5 |  5.5
Spellcasting   | 3 4 5 |  5.5
Fighting       | 2 |  2.2
Maces & Flails | 2 |  2.0
Armour         | 2 |  2.1
Dodging        | 2 |  2.4
Stealth        | |  2.1
Transmutations | |  0.7

Action                   |  1- 3 |  4- 6 |  7- 9 || total
-------------------------+-------+-------+-------++-------
Melee: Unarmed           |     8 |       |       ||     8
       Short sword       |    40 |   179 |    91 ||   310
 Cast: Sandblast         |    23 |    32 |    42 ||    97
       Stone Arrow       |       |     2 |     7 ||     9
  Use: Scroll            |     5 |     4 |     6 ||    15
       Potion            |       |     1 |     2 ||     3
 Stab: Distracted        |     1 |       |       ||     1
       Sleeping          |       |     8 |     6 ||    14
       Paralysed         |       |       |     1 ||     1
  Eat: Chunk             |     1 |     7 |     3 ||    11
       Ration            |       |       |     1 ||     1
Armor: Robe              |    35 |    67 |    80 ||   182
Dodge: Dodged            |    42 |   121 |   133 ||   296

Table legend:
 A = Non-vault XP
 B = Vault XP
 C = Vault XP percentage of total XP
 D = Non-vault monster count
 E = Vault monster count
 F = Vault count percentage of total count
                 A         B        C        D         E       F
            +---------+---------+-------+---------+---------+-------
      Total |    1151 |    1021 |  47.0 |      96 |      39 |  28.9
            +---------+---------+-------+---------+---------+-------
        D:1 |      35 |       0 |   0.0 |      21 |       0 |   0.0
        D:2 |      57 |       0 |   0.0 |      18 |       0 |   0.0
        D:3 |      89 |      13 |  12.7 |      25 |       5 |  16.7
        D:4 |     423 |     519 |  55.1 |      15 |       6 |  28.6
        D:5 |     258 |     392 |  60.3 |       6 |       4 |  40.0
        D:6 |     289 |       0 |   0.0 |      11 |       0 |   0.0
      Sewer |       0 |      97 | 100.0 |       0 |      24 | 100.0
            +---------+---------+-------+---------+---------+-------
